 Dungeon Crawl Stone Soup version 0.21.1-1-g345015f (webtiles) character file.

49393 Flooderbenga the Reanimator (level 14, -2/108 HPs)
             Began as a Gnoll Necromancer on Apr 4, 2018.
             Was an Elder of Cheibriados.
             Killed from afar by a thorn hunter (23 damage)
             ... with a volley of thorns
             ... on level 4 of the Swamp on Apr 5, 2018.
             The game lasted 05:16:55 (6418 turns).

Flooderbenga the Reanimator (Gnoll Necromancer)     Turns: 6418, Time: 05:16:55

Health: -2/108     AC: 18    Str: 19    XL:     14   Next: 50%
Magic:  2/28       EV: 21    Int: 32    God:    Cheibriados [****..]
Gold:   559        SH: 11    Dex: 27    Spells: 0/33 levels left

rFire    . . .     SeeInvis .     - Unarmed
rCold    . . .     Gourm    .   v - +3 buckler
rNeg     . . .     Faith    .   n - +4 ring mail
rPois    .         Spirit   .   A - +2 helmet
rElec    .         Reflect  .   (no cloak)
rCorr    .         Harm     .   t - +1 pair of gloves
MR       ++...                  F - +0 pair of boots
Stlth    +++.......             (no amulet)
HPRegen  1.28/turn              L - +2 ring of dexterity
MPRegen  0.21/turn              I - ring of protection from magic

@: regenerating, studying Transmutations, very slow
A: distributed training, fangs 1, strong nose
a: Bend Time, Temporal Distortion, Slouch, Renounce Religion


You were on level 4 of the Swamp.
You worshipped Cheibriados.
Cheibriados was greatly pleased with you.
You were not hungry.

You visited 5 branches of the dungeon, and saw 25 of its levels.
You also visited: Sewer and Ice Cave.

You collected 761 gold pieces.
You spent 202 gold pieces at shops.

Inventory:

Hand Weapons
 a - a +2 dagger of venom
 b - the +3 mace "Zueqea" {holy, -Tele rPois rC+ Str+3}
   (You found it on level 4 of the Dungeon)

   It has been blessed by the Shining One to cause great damage to the undead
   and demons.
   It affects your strength (+3).
   It protects you from cold.
   It protects you from poison.
   It prevents most forms of teleportation.
 h - a +0 blowgun
 w - a +2 trident of protection
 S - a +4 hunting sling
 Z - a +4 hand crossbow of velocity
Missiles
 m - 6 needles of sleeping
 u - 48 stones
 D - 10 javelins (quivered)
 P - 9 tomahawks
Armour
 n - a +4 ring mail (worn)
 t - a +1 pair of gloves (worn)
 v - a +3 buckler (worn)
 A - a +2 helmet (worn)
 F - a +0 pair of boots (worn)
Magical Staves
 e - an uncursed staff of poison
Jewellery
 E - an uncursed ring of fire
 I - a ring of protection from magic (right hand)
 L - a +2 ring of dexterity (left hand)
Wands
 d - a wand of polymorph (3)
 f - a wand of scattershot (2)
 k - a wand of random effects (2)
 z - a wand of clouds (2)
 G - a wand of paralysis (10)
 Q - a wand of disintegration (3)
 R - a wand of enslavement (16) {@v5}
 X - a wand of iceblast (1)
Scrolls
 i - 4 scrolls of teleportation {@r3}
 p - a scroll of amnesia
 r - a scroll of identify {@r1}
 y - 7 scrolls of remove curse {@r2}
 M - a scroll of enchant weapon
 N - a scroll of brand weapon
 O - a scroll of fog {@r4}
 Y - a scroll of blinking {@r4}
Potions
 g - 3 potions of heal wounds {@q2}
 j - a potion of brilliance
 l - 2 potions of flight
 q - a potion of curing {@q1}
 s - a potion of berserk rage
 H - 2 potions of agility {@q5}
 J - 4 potions of lignification
 U - a potion of magic
Books
 o - a manual of Transmutations
 x - a book of Necromancy

   Spells                             Type                      Level
   a - Pain                           Necromancy                   1
   b - Animate Skeleton               Necromancy                   1
   c - Vampiric Draining              Necromancy                   3
   d - Regeneration                   Charms/Necromancy            3
   e - Animate Dead                   Necromancy                   4
   f - Borgnjor's Vile Clutch         Necromancy/Earth             5
 C - a book of Geomancy

   Spells                             Type                      Level
   a - Sandblast                      Earth                        1
   b - Passwall                       Transmutation/Earth          2
   c - Stone Arrow                    Conjuration/Earth            3
   d - Petrify                        Transmutation/Earth          4
   e - Lee's Rapid Deconstruction     Earth                        5
 K - a book of Debilitation

   Spells                             Type                      Level
   a - Corona                         Hexes                        1
   b - Slow                           Hexes                        2
   c - Inner Flame                    Hexes/Fire                   3
   d - Portal Projectile              Hexes/Translocation          3
   e - Cause Fear                     Hexes                        4
   f - Leda's Liquefaction            Hexes/Earth                  4
 T - a book of Unlife

   Spells                             Type                      Level
   a - Recall                         Summoning/Translocation      3
   b - Animate Dead                   Necromancy                   4
   c - Borgnjor's Vile Clutch         Necromancy/Earth             5
   d - Death Channel                  Necromancy                   6
   e - Simulacrum                     Ice/Necromancy               6
 W - a book of Ice

   Spells                             Type                      Level
   a - Ice Form                       Ice/Transmutation            4
   b - Metabolic Englaciation         Hexes/Ice                    5
   c - Ozocubu's Refrigeration        Ice                          6
   d - Bolt of Cold                   Conjuration/Ice              6
   e - Freezing Cloud                 Conjuration/Ice/Air          6
   f - Simulacrum                     Ice/Necromancy               6
Miscellaneous
 B - a fan of gales
 V - a phantom mirror
Comestibles
 c - 21 rations


   Skills:
 + Level 9.1 Fighting
 + Level 9.1 Short Blades
 + Level 9.1 Long Blades
 + Level 9.1 Axes
 + Level 9.1 Maces & Flails
 + Level 9.1 Polearms
 + Level 9.1 Staves
 + Level 9.1 Slings
 + Level 9.1 Bows
 + Level 9.1 Crossbows
 + Level 9.1 Throwing
 + Level 9.1 Armour
 + Level 10.2 Dodging
 + Level 10.0 Stealth
 + Level 9.1 Shields
 + Level 9.1 Unarmed Combat
 + Level 10.3 Spellcasting
 + Level 7.6 Conjurations
 + Level 7.6 Hexes
 + Level 7.6 Charms
 + Level 7.6 Summonings
 + Level 10.4 Necromancy
 + Level 7.6 Translocations
 + Level 8.2 Transmutations
 + Level 7.6 Fire Magic
 + Level 7.6 Ice Magic
 + Level 7.6 Air Magic
 + Level 7.6 Earth Magic
 + Level 7.6 Poison Magic
 + Level 9.9 Invocations
 + Level 9.1 Evocations


You couldn't memorise any spells.
You knew the following spells:

 Your Spells              Type           Power        Failure   Level  Hunger
a - Pain                  Necr           ####         1%          1    None
b - Animate Dead          Necr           N/A          1%          4    None
c - Vampiric Draining     Necr           ######....   1%          3    None
d - Borgnjor's Vile Clut  Necr/Erth      ######....   3%          5    ###....
e - Stone Arrow           Conj/Erth      ######       1%          3    None
f - Lee's Rapid Deconstr  Erth           ######....   5%          5    ###....
g - Petrify               Tmut/Erth      ######..     1%          4    None
p - Passwall              Tmut/Erth      ######....   1%          2    None
r - Regeneration          Chrm/Necr      ######....   1%          3    None
z - Animate Skeleton      Necr           N/A          1%          1    None
B - Blink                 Tloc           N/A          1%          2    None


Dungeon Overview and Level Annotations

Branches:
Dungeon (12/15)            Temple (1/1) D:4            Lair (6/6) D:11
  Swamp (4/4) Lair:2        Snake (2/4) Lair:4
  Slime: Lair:5-6       Orc: D:9-12

Altars:
Ashenzari
Cheibriados
Elyvilon
Kikubaaqudgha
Makhleb
Nemelex Xobeh
Okawaru
Qazlal
Ru
Sif Muna
Trog
Uskayaw
Vehumet
Wu Jian
Xom
Yredelemnul
Zin
The Shining One

Shops:
D:4 (   D:12 ?

Annotations:
D:4 Grinder
D:8 Erica
Lair:4 exclusion: downstairs


Innate Abilities, Weirdness & Mutations

Your experience applies equally to all skills.
You have very sharp teeth.
Your uncanny sense of smell can sniff out nearby items.


Message History

Here: a thorn hunter (severely damaged, constricted by zombie hands)
The floor.
Unknown command.
Okay, then.
Aim: a thorn hunter (severely damaged, constricted by zombie hands, chance to defeat MR: 28%)
Okay, then.
Unknown command.
Okay, then.
Unknown command.
Unknown command.
Some shallow water.
Unknown command.
Here: a thorn hunter (severely damaged, constricted by zombie hands)
The floor.
Aim: a thorn hunter (severely damaged, constricted by zombie hands)
You throw a javelin. The javelin hits the thorn hunter.
The zombie hands constrict the thorn hunter!!
The thorn hunter fires a volley of thorns at you.
The volley of thorns hits you!
You die...

.≈≈≈≈≈. ♣♣.≈≈≈≈≈≈≈≈.≈..≈♣
♣.≈≈≈≈. ♣.≈≈≈≈≈≈≈≈..♣≈≈♣♣
♣≈.≈≈≈§♣♣♣≈≈≈≈≈....≈≈≈.♣♣
♣..≈≈≈§Z♣.≈§≈≈...♣♣≈≈≈.♣
.≈..§≈§§f.≈§≈≈≈§.♣≈≈≈≈.≈♣
.≈.≈♣.♣≈§§§§.≈≈.♣♣≈≈≈≈.♣♣
. ♣♣ ♣.≈§§.♣♣♣♣♣♣♣♣....≈
.≈♣≈.♣§§%≈.§≈♣♣♣≈...≈≈≈..
.≈≈≈.≈≈..≈≈≈≈@.(.≈≈≈≈≈≈≈≈≈
≈≈≈≈.≈≈..≈≈≈≈≈≈..≈..≈≈≈≈≈.
≈≈≈≈≈≈≈≈..§....≈≈≈≈..
≈≈....≈........≈≈≈.♣♣
≈...≈≈≈≈≈≈≈...≈..≈≈♣
..♣♣♣♣≈≈≈.≈≈≈≈≈.♣♣♣♣ ♣♣
♣.≈..≈≈..≈♣♣ ♣♣..≈§≈≈♣♣♣


You could see a thorn hunter and a friendly bog body skeleton.

Vanquished Creatures
  Rupert (Lair:4)
  8 slime creatures
  4 ghost crabs
  An anaconda (Snake:2)
  7 hydras
  A death yak (Lair:6)
  An alligator (Swamp:2)
  A swamp dragon (Swamp:1)
  A lindwurm (Lair:5)
  A mana viper (Snake:2)
  2 ugly things (IceCv)
  5 oklob plants
  4 elephants
  4 black mambas
  8 spiny frogs
  3 rime drakes
  7 komodo dragons
  6 polar bears
  A tyrant leech (Swamp:3)
  The ghost of Flooderbenga the Grave Robber, an amateur GnNe of Cheibriados (D:6)
  6 dream sheep (Lair:6)
  2 bog bodies (Swamp:4)
  3 hippogriffs
  16 blink frogs
  6 hornets
  13 spriggans
  9 yaks
  A wyvern (Lair:5)
  A basilisk (Lair:1)
  8 vampire mosquitoes
  Menkaure (D:7)
  4 swamp worms
  2 nagas (Lair:4)
  11 water moccasins
  6 porcupines
  A swamp drake (Swamp:4)
  7 ice beasts
  3 black bears
  3 sky beasts
  3 ogres
  A phantom (D:6)
  4 boggarts (Lair:6)
  16 wolves
  11 crocodiles
  Blork the orc (D:5)
  11 bullfrogs
  A gnoll sergeant (D:10)
  A scorpion (D:10)
  2 crimson imps
  2 quasits
  3 hounds
  2 jellies
  4 orc priests
  A bullfrog skeleton (D:9)
  Terence (D:2)
  10 orc wizards
  An iguana (D:11)
  6 worker ants
  5 gnolls (D:10)
  A river rat (D:3)
  11 adders
  2 shadow imps
  5 oozes (Sewer)
  An adder skeleton (D:4)
  2 worms
  A dart slug (D:2)
  15 leopard geckos
  25 orcs
  8 bats
  10 giant cockroaches
  5 goblins
  3 hobgoblins
  3 jackals (D:3)
  3 quokkas
  7 ball pythons
  9 frilled lizards
  5 kobolds
  A leopard gecko skeleton (D:4)
  5 rats
  4 plants
382 creatures vanquished.

Vanquished Creatures (collateral kills)
  A death yak (Lair:6)
  2 black mambas
  2 spiny frogs
  A komodo dragon (Lair:6)
  A polar bear (Lair:6)
  4 blink frogs
  2 hippogriffs
  3 dream sheep (Lair:6)
  4 yaks
  2 spriggans (Lair:6)
  3 water moccasins (Lair:6)
  A black bear (Lair:6)
  6 wolves
  3 crocodiles
  A bullfrog (Lair:5)
  2 worker ants
  A hound skeleton (D:4)
  An adder (Sewer)
  An ooze (Sewer)
  3 leopard geckos (Sewer)
  2 orcs
  6 ball pythons (Sewer)
  A giant cockroach (Sewer)
  A hobgoblin (D:3)
  8 frilled lizards (Sewer)
62 creatures vanquished.

Vanquished Creatures (others)
  A swamp worm (Swamp:4)
  A bush (Lair:6)
  20 fungi
  11 plants (Lair:6)
33 creatures vanquished.

Grand Total: 477 creatures vanquished

Notes
Turn   | Place    | Note
-------+----------+-------------------------------------------
     0 | D:1      | Flooderbenga the Gnoll Necromancer began the quest for the Orb.
     0 | D:1      | Reached XP level 1. HP: 13/13 MP: 6/6
    58 | D:2      | Noticed Terence
   201 | D:1      | Reached XP level 2. HP: 17/19 MP: 4/7
   216 | D:2      | Learned a level 1 spell: Animate Skeleton
   221 | D:2      | Killed Terence
   221 | D:2      | Reached skill level 5 in Spellcasting
   221 | D:2      | Reached XP level 3. HP: 19/25 MP: 2/9
   263 | D:2      | Learned a level 3 spell: Regeneration
   267 | D:2      | Learned a level 3 spell: Vampiric Draining
   295 | D:2      | Reached skill level 1 in Invocations
   330 | D:2      | Reached skill level 1 in Fighting
   330 | D:2      | Reached skill level 1 in Short Blades
   330 | D:2      | Reached skill level 1 in Long Blades
   330 | D:2      | Reached skill level 1 in Axes
   330 | D:2      | Reached skill level 1 in Maces & Flails
   330 | D:2      | Reached skill level 1 in Polearms
   330 | D:2      | Reached skill level 1 in Staves
   330 | D:2      | Reached skill level 1 in Slings
   330 | D:2      | Reached skill level 1 in Bows
   330 | D:2      | Reached skill level 1 in Crossbows
   330 | D:2      | Reached skill level 1 in Throwing
   330 | D:2      | Reached skill level 1 in Armour
   330 | D:2      | Reached skill level 1 in Shields
   330 | D:2      | Reached skill level 1 in Unarmed Combat
   330 | D:2      | Reached skill level 1 in Evocations
   355 | D:3      | Noticed a phantom
   387 | D:3      | Reached XP level 4. HP: 20/32 MP: 3/11
   419 | D:3      | Found an iron altar of Okawaru.
   421 | D:3      | Found a glowing golden altar of the Shining One.
   421 | D:3      | Found a white marble altar of Elyvilon.
   427 | D:3      | Found a burning altar of Makhleb.
   429 | D:3      | Found an ancient bone altar of Kikubaaqudgha.
   581 | D:3      | Learned a level 4 spell: Animate Dead
   607 | D:3      | Found a shimmering altar of Xom.
   679 | D:4      | Noticed a phantom
   817 | D:4      | Noticed Grinder
   822 | D:5      | Entered Level 5 of the Dungeon
   843 | D:3      | Found a basalt altar of Yredelemnul.
   850 | D:3      | Reached skill level 1 in Conjurations
   850 | D:3      | Reached skill level 1 in Hexes
   850 | D:3      | Reached skill level 1 in Charms
   850 | D:3      | Reached skill level 1 in Summonings
   850 | D:3      | Reached skill level 1 in Translocations
   850 | D:3      | Reached skill level 1 in Transmutations
   850 | D:3      | Reached skill level 1 in Fire Magic
   850 | D:3      | Reached skill level 1 in Ice Magic
   850 | D:3      | Reached skill level 1 in Air Magic
   850 | D:3      | Reached skill level 1 in Earth Magic
   850 | D:3      | Reached skill level 1 in Poison Magic
   850 | D:3      | Reached XP level 5. HP: 23/37 MP: 6/12
   931 | D:3      | Found a glowing drain.
   985 | Sewer    | Entered a sewer
  1087 | Sewer    | Reached XP level 6. HP: 36/44 MP: 0/13
  1250 | Sewer    | Reached skill level 5 in Dodging
  1420 | D:4      | Reached XP level 7. HP: 38/50 MP: 3/15
  1588 | D:5      | Noticed Blork the orc
  1594 | D:5      | Killed Blork the orc
  1606 | D:5      | Reached skill level 5 in Stealth
  1718 | D:4      | Got an encrusted mace
  1719 | D:4      | Identified the +3 mace "Zueqea" {holy, -Tele rPois rC+ Str+3} (You found it on level 4 of the Dungeon)
  1834 | D:4      | Found a staircase to the Ecumenical Temple.
  1839 | Temple   | Entered the Ecumenical Temple
  1844 | Temple   | Became a worshipper of Cheibriados the Contemplative
  1897 | D:4      | Reached XP level 8. HP: 55/57 MP: 11/16
  1951 | D:4      | Found Uwupy's Weapon Shoppe.
  2067 | D:6      | Noticed Flooderbenga's ghost (amateur GnNe)
  2086 | D:6      | Killed Flooderbenga's ghost
  2107 | D:6      | Learned a level 5 spell: Borgnjor's Vile Clutch
  2314 | D:6      | Reached XP level 9. HP: 55/65 MP: 14/18
  2397 | D:7      | Noticed Menkaure
  2399 | D:7      | Reached * piety under Cheibriados
  2410 | D:7      | Killed Menkaure
  2628 | D:8      | Found a snail-covered altar of Cheibriados.
  2657 | D:10     | Entered Level 10 of the Dungeon
  2687 | D:10     | Noticed a green ugly thing
  2822 | D:10     | Reached ** piety under Cheibriados
  2891 | D:8      | Noticed Erica
  3191 | D:10     | Reached skill level 5 in Invocations
  3247 | D:12     | Found Newurext's Magic Scroll Shoppe.
  3255 | D:12     | Bought a scroll of teleportation for 45 gold pieces
  3255 | D:12     | Bought a scroll of teleportation for 45 gold pieces
  3255 | D:12     | Bought a scroll of identify for 30 gold pieces
  3255 | D:12     | Bought a scroll of magic mapping for 52 gold pieces
  3255 | D:12     | Bought a scroll of fog for 30 gold pieces
  3341 | D:11     | Noticed an oklob plant
  3342 | D:11     | Noticed an oklob plant
  3344 | D:11     | Found a staircase to the Lair.
  3371 | D:11     | Learned a level 3 spell: Stone Arrow
  3377 | D:11     | Killed an oklob plant
  3377 | D:11     | Reached XP level 10. HP: 61/73 MP: 5/20
  3377 | D:11     | Killed an oklob plant
  3377 | D:11     | Reached skill level 5 in Fighting
  3377 | D:11     | Reached skill level 5 in Short Blades
  3377 | D:11     | Reached skill level 5 in Long Blades
  3377 | D:11     | Reached skill level 5 in Axes
  3377 | D:11     | Reached skill level 5 in Maces & Flails
  3377 | D:11     | Reached skill level 5 in Polearms
  3377 | D:11     | Reached skill level 5 in Staves
  3377 | D:11     | Reached skill level 5 in Slings
  3377 | D:11     | Reached skill level 5 in Bows
  3377 | D:11     | Reached skill level 5 in Crossbows
  3377 | D:11     | Reached skill level 5 in Throwing
  3377 | D:11     | Reached skill level 5 in Armour
  3377 | D:11     | Reached skill level 5 in Shields
  3377 | D:11     | Reached skill level 5 in Unarmed Combat
  3377 | D:11     | Reached skill level 5 in Evocations
  3384 | Lair:1   | Entered Level 1 of the Lair of Beasts
  3427 | Lair:1   | Noticed a spiny frog
  3438 | Lair:1   | Killed a spiny frog
  3447 | Lair:1   | Reached *** piety under Cheibriados
  3498 | Lair:2   | Noticed a catoblepas
  3498 | Lair:2   | Noticed a spiny frog
  3695 | Lair:1   | Learned a level 2 spell: Blink
  3718 | Lair:1   | Noticed a black mamba
  3721 | Lair:1   | Killed a black mamba
  3817 | Lair:1   | Reached XP level 11. HP: 81/81 MP: 22/22
  3899 | Lair:3   | Noticed an eight-headed hydra
  3901 | Lair:3   | Killed an eight-headed hydra
  3913 | Lair:3   | Learned a level 2 spell: Passwall
  3991 | Lair:2   | Reached skill level 5 in Conjurations
  3991 | Lair:2   | Reached skill level 5 in Hexes
  3991 | Lair:2   | Reached skill level 5 in Charms
  3991 | Lair:2   | Reached skill level 5 in Summonings
  3991 | Lair:2   | Reached skill level 5 in Translocations
  3991 | Lair:2   | Reached skill level 5 in Transmutations
  3991 | Lair:2   | Reached skill level 5 in Fire Magic
  3991 | Lair:2   | Reached skill level 5 in Ice Magic
  3991 | Lair:2   | Reached skill level 5 in Air Magic
  3991 | Lair:2   | Reached skill level 5 in Earth Magic
  3991 | Lair:2   | Reached skill level 5 in Poison Magic
  3992 | Lair:2   | Found a staircase to the Swamp.
  4017 | Lair:2   | Reached **** piety under Cheibriados
  4107 | Lair:3   | Noticed a six-headed hydra
  4112 | Lair:3   | Killed a six-headed hydra
  4185 | Lair:4   | Found a frozen archway.
  4193 | Lair:4   | Reached XP level 12. HP: 89/89 MP: 10/24
  4201 | IceCv    | Entered an ice cave
  4218 | IceCv    | Found a transporter.
  4272 | Lair:4   | Noticed Rupert
  4273 | Lair:4   | Paralysed by Rupert for 5 turns
  4282 | Lair:4   | Was placed under penance by Cheibriados
  4282 | Lair:4   | Paralysed by Rupert for 5 turns
  4302 | Lair:4   | Killed Rupert
  4302 | Lair:4   | Was forgiven by Cheibriados
  4666 | Lair:6   | Entered Level 6 of the Lair of Beasts
  4727 | Lair:6   | Reached ***** piety under Cheibriados
  4752 | Lair:5   | Found a deep blue altar of Sif Muna.
  4752 | Lair:5   | Noticed a seven-headed hydra
  4755 | Lair:5   | Killed a seven-headed hydra
  4847 | Lair:6   | Reached XP level 13. HP: 90/98 MP: 7/26
  5384 | Lair:6   | Reached skill level 10 in Necromancy
  5875 | Lair:4   | Found a staircase to the Snake Pit.
  5895 | Snake:1  | Entered Level 1 of the Snake Pit
  5897 | Snake:1  | Noticed a nagaraja
  5898 | Snake:1  | HP: 4/99 [shock serpent/bolt of electricity (13)]
  5967 | Lair:3   | Reached skill level 10 in Spellcasting
  5998 | Swamp:1  | Entered Level 1 of the Swamp
  6020 | Swamp:1  | Reached XP level 14. HP: 68/106 MP: 0/28
  6119 | Swamp:1  | Noticed a thorn hunter
  6150 | Swamp:2  | Identified a scroll of acquirement
  6160 | Swamp:2  | Learned a level 5 spell: Lee's Rapid Deconstruction
  6165 | Swamp:2  | Learned a level 4 spell: Petrify
  6180 | Swamp:2  | Reached skill level 10 in Dodging
  6223 | Swamp:4  | Entered Level 4 of the Swamp
  6364 | Swamp:4  | Reached skill level 10 in Stealth
  6413 | Swamp:4  | Noticed a thorn hunter
  6418 | Swamp:4  | Killed from afar by a thorn hunter

Skill      XL: |  1  2  3  4  5  6  7  8  9 10 11 12 13 14 |
---------------+-------------------------------------------+-----
Spellcasting   | 5 6 7 8 9 10 | 10.3
Invocations    | 1 2 3 4 5 6 7 8 9 |  9.9
Fighting       | 1 2 3 4 5 6 7 8 9 |  9.1
Short Blades   | 1 2 3 4 5 6 7 8 9 |  9.1
Long Blades    | 1 2 3 4 5 6 7 8 9 |  9.1
Axes           | 1 2 3 4 5 6 7 8 9 |  9.1
Maces & Flails | 1 2 3 4 5 6 7 8 9 |  9.1
Polearms       | 1 2 3 4 5 6 7 8 9 |  9.1
Staves         | 1 2 3 4 5 6 7 8 9 |  9.1
Slings         | 1 2 3 4 5 6 7 8 9 |  9.1
Bows           | 1 2 3 4 5 6 7 8 9 |  9.1
Crossbows      | 1 2 3 4 5 6 7 8 9 |  9.1
Throwing       | 1 2 3 4 5 6 7 8 9 |  9.1
Armour         | 1 2 3 4 5 6 7 8 9 |  9.1
Shields        | 1 2 3 4 5 6 7 8 9 |  9.1
Unarmed Combat | 1 2 3 4 5 6 7 8 9 |  9.1
Evocations     | 1 2 3 4 5 6 7 8 9 |  9.1
Conjurations   | 1 2 3 4 5 6 7 |  7.6
Hexes          | 1 2 3 4 5 6 7 |  7.6
Charms         | 1 2 3 4 5 6 7 |  7.6
Summonings     | 1 2 3 4 5 6 7 |  7.6
Translocations | 1 2 3 4 5 6 7 |  7.6
Transmutations | 1 2 3 4 5 6 7 8 |  8.2
Fire Magic     | 1 2 3 4 5 6 7 |  7.6
Ice Magic      | 1 2 3 4 5 6 7 |  7.6
Air Magic      | 1 2 3 4 5 6 7 |  7.6
Earth Magic    | 1 2 3 4 5 6 7 |  7.6
Poison Magic   | 1 2 3 4 5 6 7 |  7.6
Dodging        | 5 6 7 8 9 10 | 10.2
Stealth        | 5 6 7 8 9 10 | 10.0
Necromancy     | 8 9 10 | 10.4

Action                   |  1- 3 |  4- 6 |  7- 9 | 10-12 | 13-15 || total
-------------------------+-------+-------+-------+-------+-------++-------
Melee: Falchion          |     2 |   133 |    48 |       |       ||   183
       Bite              |       |    12 |    39 |    34 |    63 ||   148
       Punch             |       |     1 |       |       |       ||     1
       Mace              |       |       |    81 |    25 |    30 ||   136
       Dagger            |       |       |   113 |    95 |   188 ||   396
       Staff             |       |       |     6 |    14 |     5 ||    25
       Trident           |       |       |       |    28 |    28 ||    56
 Fire: Hunting sling     |       |       |       |       |     1 ||     1
Throw: Tomahawk          |     3 |     9 |     1 |       |       ||    13
       Javelin           |       |       |       |     2 |     1 ||     3
 Cast: Pain              |    27 |    89 |   108 |    20 |    19 ||   263
       Animate Skeleton  |     1 |     7 |    10 |    17 |    13 ||    48
       Animate Dead      |       |     5 |     6 |     9 |     4 ||    24
       Vampiric Draining |       |     5 |    10 |     1 |     2 ||    18
       Regeneration      |       |     2 |     5 |    10 |     5 ||    22
       Stone Arrow       |       |       |     3 |     7 |     2 ||    12
       Borgnjor's Vile C |       |       |     2 |    26 |    29 ||    57
       Passwall          |       |       |       |     3 |     7 ||    10
       Blink             |       |       |       |     2 |     5 ||     7
       Petrify           |       |       |       |       |     1 ||     1
Invok: Temporal Distorti |       |       |       |     1 |     1 ||     2
       Slouch            |       |       |       |     1 |     8 ||     9
       Bend Time         |       |       |       |       |     2 ||     2
       Step From Time    |       |       |       |       |     1 ||     1
Evoke: Wand              |       |       |    27 |    19 |    28 ||    74
       Fan of gales      |       |       |       |       |     1 ||     1
  Use: Scroll            |       |     8 |     8 |     9 |     9 ||    34
       Potion            |       |     2 |     2 |     3 |     4 ||    11
 Stab: Sleeping          |     1 |     1 |     5 |    17 |     6 ||    30
       Distracted        |       |       |       |     2 |     2 ||     4
       Paralysed         |       |       |       |       |     7 ||     7
  Eat: Chunk             |       |     3 |     8 |     8 |     8 ||    27
Armor: Robe              |     1 |       |       |       |       ||     1
       Ring mail         |       |    82 |   115 |    36 |    63 ||   296
       Skin              |       |    17 |    24 |       |       ||    41
Dodge: Dodged            |     2 |   138 |   162 |   106 |   209 ||   617
Block: Buckler           |       |     1 |    98 |    82 |   177 ||   358
       Rpst.: Falchion   |     2 |    43 |     7 |       |       ||    52
